 Dungeon Crawl Stone Soup version 0.16-a0-249-g5922f4d (webtiles) character file.

109 Crauler the Insei (level 4, -6/37 HPs)
             Began as a Demonspawn Monk on Aug 22, 2014.
             Mangled by an ogre
             ... wielding a +0 giant club
              (19 damage)
             ... on Level 4 of the Dungeon.
             The game lasted 00:08:10 (2649 turns).

Crauler the Insei (Demonspawn Monk)                 Turns: 2649, Time: 00:08:10

HP  -6/37        AC  6     Str 12      XL: 4   Next: 59%
MP  13/13        EV 13     Int 12      God:
Gold 137         SH  0     Dex 15      Spells:  0 memorised,  3 levels left

rFire  . . .     SeeInvis .       - Unarmed
rCold  . . .     Clarity  .     a - +0 robe
rNeg   . . .     rCorr    .     (no shield)
rPois  .         rRot     +     (no helmet)
rElec  .         Spirit   .     (no cloak)
SustAb .         Warding  .     (no gloves)
rMut   .         Stasis   .     (no boots)
Gourm  .                        (no amulet)
MR     .....                    f - +4 ring of protection
                                c - ring of magical power

@: drained, not resistant to hostile enchantments, unstealthy
A: claws 1, rot immunity
a: no special abilities


You were on level 4 of the Dungeon.
You were hungry.

You visited 1 branch of the dungeon, and saw 4 of its levels.

You collected 137 gold pieces.

Inventory:

Missiles
 g - 31 poisoned needles
Armour
 a - a +0 robe (worn)
Magical devices
 q - a wand of slowing (18)
Comestibles
 b - a bread ration
 m - 5 rotting chunks of orc flesh
 r - a meat ration
Scrolls
 d - 3 scrolls of remove curse {unknown}
 h - a scroll of teleportation {unknown}
 s - a scroll of identify {unknown}
Jewellery
 c - a ring of magical power (left claw)
 f - a +4 ring of protection (right claw)
 j - an uncursed amulet of faith
Potions
 e - 3 potions of heal wounds {unknown}
 i - 4 potions of mutation {unknown}
 k - 2 potions of brilliance {unknown}
 l - a potion of curing {unknown}
 n - a potion of lignification {unknown}
 o - a potion of might {unknown}
 t - a potion of cancellation {unknown}


   Skills:
 + Level 4.0(3.6) Fighting
 + Level 3.6(3.1) Dodging
 - Level 1.7(1.3) Stealth
 + Level 4.2(3.7) Unarmed Combat


You had 3 spell levels left.
You didn't know any spells.

Dungeon Overview and Level Annotations

Branches:
Dungeon (4/15)
 Temple: D:4-7

Altars:
Cheibriados
Okawaru

Annotations:
D:3 Crauler's ghost, average DsTm


Innate Abilities, Weirdness & Mutations

You have sharp fingernails.
You are immune to rotting.


Message History

You scratch the ogre but do no damage. The ogre hits you with a giant club!
You claw the ogre!
The ogre begins to bleed from its wounds!
The ogre is moderately wounded.
The ogre misses you.
You scratch the ogre.
The ogre is moderately wounded.
You scratch the ogre but do no damage.
The ogre is heavily wounded.
The ogre barely misses you.
You barely miss the ogre. You claw the ogre, but do no damage.
The ogre is heavily wounded.
You claw the ogre!
The ogre is severely wounded.
The ogre hits you with a giant club!
You scratch the ogre.
The ogre is almost dead.
The ogre hits you with a giant club!!
Ouch! That really hurt!
You die...

#...# #.#.#
#.#.##############
#'#.##...........#
....##.#########.# ....##.#
#.# ....##.# #.# ..).##.#
#.# (...##.# #@# ....##%#
#O# ....##.# ####g###
....##.######......#
)...................O......
#.################.#####..
#.# #.# #.. #.# ........
...


You could see an ogre (bleeding) and a hobgoblin.

Vanquished Creatures
  An orc wizard (D:4)
  An adder (D:2)
  A worm (D:2)
  A giant gecko (D:2)
  2 oozes
  4 orcs (D:4)
  10 bats
  7 goblins
  8 hobgoblins
  2 jackals (D:1)
  5 kobolds
  A ball python (D:2)
  4 giant cockroaches
  5 giant newts
  7 rats
59 creatures vanquished.

Notes
Turn   | Place    | Note
--------------------------------------------------------------
     0 | D:1      | Crauler, the Demonspawn Monk, began the quest for the Orb.
     0 | D:1      | Reached XP level 1. HP: 18/18 MP: 1/1
    94 | D:1      | Gained mutation: You have sharp fingernails. [demonic ancestry]
    94 | D:1      | Reached XP level 2. HP: 8/24 MP: 2/2
   835 | D:1      | Gained mutation: You are immune to rotting. [demonic ancestry]
   835 | D:1      | Reached XP level 3. HP: 29/29 MP: 3/3
  1077 | D:2      | Found an iron altar of Okawaru.
  1394 | D:2      | Reached skill level 4 in Unarmed Combat
  1907 | D:2      | Reached XP level 4. HP: 34/37 MP: 4/4
  2172 | D:3      | Found a snail-covered altar of Cheibriados.
  2222 | D:3      | Noticed a hippogriff
  2303 | D:3      | Noticed Crauler's ghost (average DsTm)
  2574 | D:4      | Noticed an ogre
  2649 | D:4      | Mangled by an ogre

Action                   |  1- 3 |  4- 6 || total
-------------------------+-------+-------++-------
Melee: Unarmed           |   145 |    50 ||   195
Evoke: Wand              |       |     2 ||     2
 Stab: Sleeping          |     4 |       ||     4
  Eat: Chunk             |     3 |     2 ||     5
